 Dungeon Crawl Stone Soup version 0.19.4-8-ga85b6b9 (webtiles) character file.

155 doot the Chopper (level 5, -1/46 HPs)
             Began as a Hill Orc Fighter on Feb 11, 2017.
             Slain by a gnoll (8 damage)
             ... on level 3 of the Dungeon.
             The game lasted 00:08:45 (2094 turns).

doot the Chopper (Hill Orc Fighter)                 Turns: 2094, Time: 00:08:48

Health: -1/46      AC:  3    Str: 20    XL:     5   Next: 37%
Magic:  5/5        EV:  7    Int:  8    God:    Xom [......]
Gold:   73         SH:  8    Dex: 10    Spells: 1 memorised, 3 levels left

rFire  . . .     SeeInvis .     a - +0 war axe
rCold  . . .     Gourm    .     u - -2 ring mail (curse)
rNeg   . . .     Faith    .     c - +0 shield
rPois  .         Spirit   .     (no helmet)
rElec  .         Reflect  .     (no cloak)
rCorr  .         Harm     .     (no gloves)
MR     .....                    (no boots)
Stlth  ..........               (no amulet)
                                (no ring)
                                (no ring)

@: about to teleport, very slightly contaminated
A: no striking features
a: Renounce Religion


You were on level 3 of the Dungeon.
You worshipped Xom.
You were a very special plaything of Xom.
You were not hungry.

You visited 1 branch of the dungeon, and saw 3 of its levels.

You collected 73 gold pieces.

Inventory:

Hand Weapons
 a - a +0 war axe (weapon)
Armour
 b - a +1 scale mail
 c - a +0 shield (worn)
 u - a cursed -2 ring mail (worn)
Scrolls
 i - 2 scrolls of remove curse
 n - a scroll of teleportation
 o - 3 scrolls of identify
 p - a scroll of amnesia
Potions
 d - a potion of might
 e - 2 potions of cancellation {unknown}
 g - a potion of lignification {unknown}
 m - 3 potions of flight
 r - a potion of mutation {unknown}
 t - a potion of heal wounds {unknown}
Books
 s - Kikubaaqudgha's Almanac of Stolen Souls
   (Kikubaaqudgha gifted it to you on level 2 of the Dungeon)

   Spells                             Type                      Level
   a - Animate Skeleton               Necromancy                   1
   b - Corpse Rot                     Necromancy                   2
   c - Sublimation of Blood           Necromancy                   2
   d - Vampiric Draining              Necromancy                   3
   e - Control Undead                 Necromancy                   4
Comestibles
 f - 2 bread rations
 k - a meat ration


   Skills:
 + Level 4.1(2.0) Fighting
 * Level 5.4(2.7) Axes
 + Level 3.8(1.9) Armour
 + Level 0.2(0.1) Dodging
 + Level 3.8(1.9) Shields
 * Level 1.1(0.5) Necromancy


You had 3 spell levels left.
You knew the following spells:

 Your Spells              Type           Power        Failure   Level  Hunger
a - Animate Skeleton      Necr           N/A          100%        1    ##.....


Dungeon Overview and Level Annotations

Branches:
Dungeon (3/15)

Altars:
Ashenzari
Elyvilon
Kikubaaqudgha
Ru
Xom


Message History

* * * LOW HITPOINT WARNING * * *
You struggle against the net.
The adder bites you but does no damage. The gnoll hits you.
* * * LOW HITPOINT WARNING * * *
The adder bites you.
* * * LOW HITPOINT WARNING * * *
Okay, then.
Blink to where?
Press: ? - help, Dir - move target cursor
As you read the scroll of blinking, it crumbles to dust.
A gnoll comes into view.
The gnoll throws a throwing net.
You block the throwing net.
As you read the scroll of teleportation, it crumbles to dust.
You feel strangely unstable. "Get over here!"
The gnoll blinks! x2; The adder blinks!
You are now a very special plaything of Xom.
The gnoll hits you!
You die...
Xom chortles!

##### ...
######.#
....##§#
#§##.###.Sg..g.#
.......@g##$####
#.##.######


You could see 3 gnolls and an adder.

Vanquished Creatures
  Jessica (D:3)
  3 adders (D:2)
  3 gnolls
  2 worms (D:2)
  2 dart slugs (D:2)
  3 leopard geckos
  4 orcs (D:3)
  2 giant cockroaches
  7 goblins
  5 hobgoblins
  8 kobolds
  2 quokkas (D:2)
  8 bats
  3 frilled lizards
  A hobgoblin zombie (D:3)
  An orc zombie (D:3)
  3 rats (D:1)
58 creatures vanquished.

Notes
Turn   | Place    | Note
-------+----------+-------------------------------------------
     0 | D:1      | doot the Hill Orc Fighter began the quest for the Orb.
     0 | D:1      | Reached XP level 1. HP: 19/19 MP: 1/1
    92 | D:1      | Reached skill level 3 in Axes
    92 | D:1      | Reached XP level 2. HP: 27/27 MP: 2/2
   563 | D:2      | Found a shattered altar of Ashenzari.
   588 | D:2      | Reached XP level 3. HP: 26/33 MP: 3/3
   978 | D:2      | Reached skill level 4 in Axes
  1052 | D:2      | Reached XP level 4. HP: 36/40 MP: 4/4
  1409 | D:2      | Found a faded altar of an unknown god.
  1409 | D:2      | Found a faded altar of an unknown god.
  1414 | D:2      | Found a white marble altar of Elyvilon.
  1420 | D:2      | Found a faded altar of an unknown god.
  1421 | D:2      | Found a faded altar of an unknown god.
  1431 | D:2      | Became a worshipper of Ru the Awakened
  1439 | D:2      | Fell from the grace of Ru
  1439 | D:2      | Became a worshipper of Ashenzari the Shackled
  1439 | D:2      | Reached * piety under Ashenzari
  1442 | D:2      | Fell from the grace of Ashenzari
  1442 | D:2      | Became a worshipper of Kikubaaqudgha
  1442 | D:2      | Reached * piety under Kikubaaqudgha
  1442 | D:2      | Identified Kikubaaqudgha's Almanac of Stolen Souls (Kikubaaqudgha gifted it to you on level 2 of the Dungeon)
  1442 | D:2      | Received a gift from Kikubaaqudgha
  1451 | D:2      | Fell from the grace of Kikubaaqudgha
  1451 | D:2      | Became a worshipper of Xom of Chaos
  1454 | D:2      | Learned a level 1 spell: Animate Skeleton
  1784 | D:3      | XOM: potion effect (berserk rage)
  1801 | D:3      | XOM: mild Hex miscast
  1937 | D:2      | XOM: harmless Tloc miscast
  2044 | D:3      | XOM: noise
  2052 | D:3      | Reached skill level 5 in Axes
  2052 | D:3      | Reached XP level 5. HP: 33/46 MP: 5/5
  2053 | D:3      | Noticed Jessica
  2053 | D:3      | Killed Jessica
  2053 | D:3      | Reached skill level 1 in Necromancy
  2094 | D:3      | XOM: blink monster(s)
  2094 | D:3      | Slain by a gnoll

Skill      XL: |  1  2  3  4  5 |
---------------+----------------+-----
Axes           | 3 4 5 |  5.4
Fighting       | 4 |  4.1
Necromancy     | 1 |  1.1
Armour         | |  3.8
Dodging        | |  0.2
Shields        | |  3.8

Action                   |  1- 3 |  4- 6 || total
-------------------------+-------+-------++-------
Melee: War axe           |    99 |    94 ||   193
  Use: Scroll            |       |     9 ||     9
  Eat: Chunk             |       |     4 ||     4
Armor: Scale mail        |    70 |    36 ||   106
       Ring mail         |       |     3 ||     3
Dodge: Dodged            |    42 |    29 ||    71
Block: Shield            |    76 |    49 ||   125
